 Dungeon Crawl Stone Soup version 0.27.0-1-g7a089689b8 (webtiles) character file.

Game seed: 7238444140086412628

26 Angani the Chopper (level 3, 0/33 HPs)
             Began as a Hill Orc Monk on Aug 7, 2021.
             Slain by a jackal (1 damage)
             ... on level 1 of the Dungeon.
             The game lasted 00:01:13 (956 turns).

Angani the Chopper (Hill Orc Monk)                   Turns: 956, Time: 00:01:13

Health: 0/33       AC:  2    Str: 14    XL:     3   Next: 8%
Magic:  4/4        EV: 12    Int: 10    God:
Gold:   22         SH:  0    Dex: 11    Spells: 2/2 levels left

rFire    . . .     SeeInvis .   a - +0 hand axe
rCold    . . .     Faith    .   (no shield)
rNeg     . . .     Spirit   .   b - +0 robe
rPois    .         Reflect  .   (no helmet)
rElec    .         Harm     .   (no cloak)
rCorr    .         Rampage  .   (no gloves)
Will     .....     Rnd*Rage +   (no boots)
Stlth    ++........             (no amulet)
HPRegen  0.11/turn              (no ring)
MPRegen  0.09/turn              (no ring)

@: no status effects
A: hooves 1, berserk 1, clumsy 1
a: no special abilities


You were on level 1 of the Dungeon.
You visited 1 branch of the dungeon, and saw 1 of its levels.

You collected 22 gold pieces.

Inventory:

Hand Weapons
 a - a +0 hand axe (weapon)
Armour
 b - a +0 robe (worn)


   Skills:
 + Level 4.1 Fighting
 + Level 4.5 Axes
 - Level 2.4 Dodging
 - Level 1.5 Stealth
 + Level 1.9 Invocations


You had 2 spell levels left.
You didn't know any spells.
Your spell library was empty.

Dungeon Overview and Level Annotations

Branches:
Dungeon (1/15)

Altars:

Shops:
D:1 !


Innate Abilities, Weirdness & Mutations

You have large cloven feet.
You tend to lose your temper in combat.
You are clumsy. (Dex -2)


Message History

* * * LOW HITPOINT WARNING * * *
The bat barely misses you. The bat hits you but does no damage.
The bat completely misses you. The jackal bites you.
* * * LOW HITPOINT WARNING * * *
The jackal closely misses you. The jackal bites you.
* * * LOW HITPOINT WARNING * * *
Unknown command.
It was a potion of mutation.
You feel extremely strange.
You feel clumsy.
Your feet thicken and deform.
You feel a little pissed off. The bat hits you but does no damage.
The bat closely misses you. The bat barely misses you.
The jackal closely misses you. x2
The jackal completely misses you.
Unknown command.
You hit the bat. You kick the bat, but do no damage.
The bat is severely wounded.
You miss the jackal. You closely miss the bat. You closely miss the jackal.
The bat closely misses you. The bat hits you.
* * * LOW HITPOINT WARNING * * *
The bat hits you.
* * * LOW HITPOINT WARNING * * *
The jackal completely misses you. The jackal bites you.
* * * LOW HITPOINT WARNING * * *
The bat closely misses you.
Unknown command.
The bat closely misses you. x2; The jackal closely misses you.
Unknown command.
The bat misses you. The bat completely misses you. The bat misses you.
The bat hits you.
* * * LOW HITPOINT WARNING * * *
The bat hits you but does no damage.
Unknown command.
The bat misses you. The bat hits you but does no damage.
Unknown command.
The bat hits you.
* * * LOW HITPOINT WARNING * * *
The bat misses you.
This is a scroll of acquirement!
Something appears at your feet! The bat hits you but does no damage. x2
The jackal bites you.
You die...

#......### .... #......# ....
######## ....h .>... ......
......########################
...).....rhb.).......)........
#>....Shbh@................
#####S#####################
#..........# #..........#
#..........# #.)........#
#..........# #..........#
#..........#


You could see 3 jackals, 2 bats, 2 ball pythons and a rat.

Vanquished Creatures
  A dart slug (D:1)
  4 ball pythons (D:1)
  3 endoplasms (D:1)
  2 giant cockroaches (D:1)
  A hobgoblin (D:1)
  2 jackals (D:1)
  A quokka (D:1)
  3 bats (D:1)
  2 frilled lizards (D:1)
  2 kobolds (D:1)
  A rat (D:1)
22 creatures vanquished.

Notes
Turn   | Place    | Note
-------+----------+-------------------------------------------
     0 | D:1      | Angani the Hill Orc Monk began the quest for the Orb.
     0 | D:1      | Reached XP level 1. HP: 19/19 MP: 1/1
   114 | D:1      | Found Sarotaz's Distillery.
   127 | D:1      | Reached skill level 1 in Invocations
   132 | D:1      | Reached XP level 2. HP: 23/27 MP: 2/2
   793 | D:1      | Reached XP level 3. HP: 33/33 MP: 4/4
   950 | D:1      | Gained mutation: You are clumsy. (Dex -2) [potion of
                  | mutation]
   950 | D:1      | Gained mutation: You have large cloven feet. [potion of
                  | mutation]
   950 | D:1      | Gained mutation: You tend to lose your temper in combat.
                  | [potion of mutation]
   955 | D:1      | HP: 1/33 [bat (1)]
   956 | D:1      | Identified a scroll of acquirement
   956 | D:1      | Acquired a +0 vorpal broad axe
   956 | D:1      | Slain by a jackal

Illustrated notes

Levels and vault maps discovered:
D:1:      eino_arrival_cavern_b, layout_basic, serial_shops, shop,
          minmay_liquid_box

Skill      XL: |  1  2 |
---------------+-------+-----
Invocations    | 1 |  1.9
Fighting       | 4 |  4.1
Axes           | |  4.5
Dodging        | |  2.4
Stealth        | |  1.5

Action                   || total
-------------------------++-------
Melee: Hand axe          ||    65
       Kick              ||     1
  Use: Scroll            ||     1
       Potion            ||     1
 Stab: Sleeping          ||     1
Armor: Robe              ||    24
Dodge: Dodged            ||    82
